 Dungeon Crawl Stone Soup version 0.17.1-1-g73c8601 (webtiles) character file.

59 Runnr the Grave Robber (level 4, -5/32 HPs)
             Began as a Human Necromancer on Dec 27, 2015.
             Killed by divine providence
             ... invoked by an orc priest
              (11 damage)
             ... on level 3 of the Dungeon.
             The game lasted 00:06:28 (2397 turns).

Runnr the Grave Robber (Human Necromancer)          Turns: 2397, Time: 00:06:28

Health: -5/32      AC:  2    Str:  8    XL:     4   Next: 22%
Magic:  2/7        EV: 12    Int: 16    God:
Gold:   60         SH:  0    Dex: 14    Spells: 3 memorised, 3 levels left

rFire  . . .     SeeInvis .     d - -1 mace (curse)
rCold  . . .     Clarity  .     a - +0 robe
rNeg   . . .     SustAt   .     (no shield)
rPois  .         Gourm    .     (no helmet)
rElec  .         Spirit   .     (no cloak)
rCorr  .         Warding  .     (no gloves)
rMut   .         Stasis   .     (no boots)
MR     .....                    (no amulet)
Stlth  +.........               (no ring)
                                p - ring of loudness (curse)

@: not resistant to hostile enchantments, very unstealthy
A: no striking features
a: no special abilities


You were on level 3 of the Dungeon.
You were not hungry.

You visited 1 branch of the dungeon, and saw 3 of its levels.

You collected 60 gold pieces.

Inventory:

Hand Weapons
 d - a cursed -1 mace (weapon)
Armour
 a - a +0 robe (worn)
Jewellery
 p - a cursed ring of loudness (left hand)
Scrolls
 f - a scroll of remove curse {unknown}
 i - a scroll of identify {unknown}
 l - a scroll of noise {unknown}
 o - a scroll of fear {unknown}
 q - a scroll of blinking {unknown}
Potions
 e - a potion of agility {unknown}
 h - 2 potions of lignification {unknown}
 j - a potion of ambrosia {unknown}
 k - a potion of curing {unknown}
Books
 b - a book of Necromancy

   Spells                             Type                      Level
   a - Pain                           Necromancy                   1
   b - Animate Skeleton               Necromancy                   1
   c - Vampiric Draining              Necromancy                   3
   d - Regeneration                   Charms/Necromancy            3
   e - Animate Dead                   Necromancy                   4
   f - Control Undead                 Necromancy                   4
Comestibles
 c - 2 bread rations
 g - 3 fruits
 m - 2 beef jerkies
 n - a meat ration


   Skills:
 * Level 1.5 Fighting
 + Level 2.1 Dodging
 - Level 2.0 Stealth
 + Level 2.6 Spellcasting
 + Level 4.6 Necromancy


You had 3 spell levels left.
You knew the following spells:

 Your Spells              Type           Power        Failure   Level  Hunger
a - Pain                  Necr           ###.         3%          1    #......
s - Animate Skeleton      Necr           N/A          3%          1    #......
v - Vampiric Draining     Necr           ###.......   12%         3    ###....


Dungeon Overview and Level Annotations

Branches:
Dungeon (3/15)

Altars:
Dithmenos
Fedhas
Nemelex Xobeh
Sif Muna


Message History

Aim: an orc priest, wielding a morningstar of protection and wearing a ring mail (lightly wounded, chance to defeat MR: 76%)
The orc priest barely resists.
The orc priest calls down the wrath of Beogh upon you.
Something smites you!
* * * LOW HITPOINT WARNING * * *
Casting: Pain
Confirm with . or Enter, or press ? or * to list all spells.
Aiming: Pain
Press: ? - help, Shift-Dir - straight line, f/p - orc priest
Aim: an orc priest, wielding a morningstar of protection and wearing a ring mail (lightly wounded, chance to defeat MR: 76%)
The orc priest barely resists.
The orc priest misses you.
Casting: Pain
Confirm with . or Enter, or press ? or * to list all spells.
Aiming: Pain
Press: ? - help, Shift-Dir - straight line, f/p - orc priest
Aim: an orc priest, wielding a morningstar of protection and wearing a ring mail (lightly wounded, chance to defeat MR: 76%)
The orc priest barely resists.
The orc priest invokes the aid of Beogh against you.
Something smites you!
You die...

#.##.##.##.......#
#.##.##.##.......#
#.##.##.##.......#
#.......#####.#####..
####.#### ##........
#.# ####..####.## #<#
#......###. #.#
#.##.....<..
##@####.#.....##.#
#..o....[........
##.####......#### ###
###>).## ###.# ..#
..# ..# ).#


You could see an orc priest.

Vanquished Creatures
  An adder (D:2)
  A worm (D:2)
  A giant gecko (D:2)
  3 orcs (D:3)
  7 bats
  4 giant cockroaches
  3 hobgoblins
  A giant newt (D:1)
  5 goblins
  5 kobolds
  A quokka (D:2)
  9 rats
41 creatures vanquished.

Vanquished Creatures (collateral kills)
  2 worms (D:2)
  A ball python (D:2)
  A bat (D:2)
4 creatures vanquished.

Vanquished Creatures (others)
  A bush (D:2)
1 creature vanquished.

Grand Total: 46 creatures vanquished

Notes
Turn   | Place    | Note
--------------------------------------------------------------
     0 | D:1      | Runnr the Human Necromancer began the quest for the Orb.
     0 | D:1      | Reached XP level 1. HP: 13/13 MP: 3/3
   340 | D:1      | Reached XP level 2. HP: 20/20 MP: 3/5
   563 | D:1      | Learned a level 1 spell: Animate Skeleton
  1095 | D:2      | Found a shadowy altar of Dithmenos.
  1130 | D:2      | Reached XP level 3. HP: 21/25 MP: 1/6
  1185 | D:2      | Found a deep blue altar of Sif Muna.
  1293 | D:2      | Learned a level 3 spell: Vampiric Draining
  1771 | D:2      | Found a sparkling altar of Nemelex Xobeh.
  1830 | D:2      | Reached skill level 1 in Fighting
  1835 | D:2      | Found a blossoming altar of Fedhas.
  2084 | D:2      | Reached XP level 4. HP: 29/32 MP: 3/7
  2397 | D:3      | Killed from afar by an orc priest

Action                   |  1- 3 |  4- 6 || total
-------------------------+-------+-------++-------
Melee: Mace              |    10 |       ||    10
 Cast: Pain              |    70 |    16 ||    86
       Animate Skeleton  |    15 |       ||    15
  Eat: Chunk             |     5 |     1 ||     6
